 Dungeon Crawl Stone Soup version 0.27-a0-1342-ga99462a43c (webtiles) character file.

Game seed: 11140138224193971279

49 Delamore the Sneak (level 3, 0/25 HPs)
             Began as an Octopode Brigand on June 27, 2021.
             Succumbed to an adder's poison
             ... on level 2 of the Dungeon.
             The game lasted 00:01:30 (1544 turns).

Delamore the Sneak (Octopode Brigand)               Turns: 1544, Time: 00:01:31

Health: 0/25       AC:  1    Str: 10    XL:     3   Next: 77%
Magic:  3/3        EV: 12    Int: 13    God:
Gold:   20         SH:  0    Dex: 14    Spells: 2/2 levels left

rFire    + . .     SeeInvis .   a - +2 dagger
rCold    . . .     Faith    .   (no shield)
rNeg     . . .     Spirit   .   (helmet restricted)
rPois    .         Reflect  .   (no amulet)
rElec    .         Harm     .   e - ring of protection from fire
rCorr    .         Rampage  .   f - ring of wizardry
Will     .....                  (no ring)
Stlth    ++++......             (no ring)
HPRegen  0.08/turn              (no ring)
MPRegen  0.08/turn              (no ring)
                                (no ring)
                                (no ring)

@: lethally poisoned (0 -> -2)
A: almost no armour, amphibious, 8 rings, camouflage 1, gelatinous body 1,
(nimble swimmer 1), tentacles
a: no special abilities


You were on level 2 of the Dungeon.
You visited 1 branch of the dungeon, and saw 2 of its levels.

You collected 20 gold pieces.

Inventory:

Hand Weapons
 a - a +2 dagger (weapon)
Missiles
 b - 8 poisoned darts (quivered)
 c - 2 curare-tipped darts
Jewellery
 e - a ring of protection from fire (left tentacle)
 f - a ring of wizardry (right tentacle)
Scrolls
 g - a scroll of blinking {unknown}
 h - a scroll of identify {unknown}


   Skills:
 + Level 2.6 Fighting
 + Level 2.5 Short Blades
 - Level 2.0 Throwing
 - Level 1.0 Dodging
 * Level 6.4 Stealth


You had 2 spell levels left.
You didn't know any spells.
Your spell library was empty.

Dungeon Overview and Level Annotations

Branches:
Dungeon (2/15)

Altars:


Innate Abilities, Weirdness & Mutations

You cannot wear most types of armour.
You are amphibious.
You can wear up to eight rings at the same time.
Your skin changes colour to match your surroundings (Stealth+).
Your rubbery body absorbs attacks. (AC +1, EV +1)
((You are camouflaged near water. (Stealth+)))
You have tentacles for arms and can constrict up to eight enemies at once.


Message History

The hobgoblin hits you.
You hit the hobgoblin.
The hobgoblin is heavily wounded.
You constrict the hobgoblin. The hobgoblin barely misses you.
You completely miss the hobgoblin.
The hobgoblin is severely wounded.
You constrict the hobgoblin, but do no damage.
The hobgoblin hits you.
You hit the hobgoblin.
You kill the hobgoblin!
You hit the quokka.
You kill the quokka!
You barely miss the hobgoblin. Your grab misses the hobgoblin.
You squeeze the hobgoblin.
The hobgoblin is severely wounded.
The hobgoblin hits you.
You barely miss the hobgoblin. You grab the hobgoblin.
The hobgoblin is severely wounded.
You constrict the hobgoblin. The hobgoblin closely misses you.
You hit the hobgoblin.
You kill the hobgoblin!
You hit the adder but do no damage. Your grab misses the adder.
The adder bites you.
You are poisoned.
The adder poisons you! The adder closely misses you.
You closely miss the adder. Your grab misses the adder.
You feel sick. The adder barely misses you.
You closely miss the adder. Your grab misses the adder.
The adder barely misses you.
You barely miss the adder. Your grab misses the adder. You squeeze the adder!
The adder is almost dead.
You feel sick. The adder bites you.
* * * LOW HITPOINT WARNING * * *
* * * LOW HITPOINT WARNING * * *
You feel sick.
You aren't carrying any potions.
As you read the scroll labelled ZEECVA DUHYMITO, it crumbles to dust.
You assume a fearsome visage.
The adder looks frightened!
The hobgoblin looks frightened!
It was a scroll of fear.
You die...

..#### #....$.... #.# ......
#........ #.# ...... #........
######.. #....####........
#^...... .#.......#.......
.#....... ...............
.......÷. ...........#†#
###.......
.............##########..........
..........?...gS@.......##.......
..........##.########### #.....<.
..........##..## #.......
...............# #######.......
..........##.#.# #...........##
..........##.#.# #..........##
...(......##..(## #.......<..#
....!...###...## #..........#
##...###..........#


You could see an adder (fleeing) and a hobgoblin (fleeing).

Vanquished Creatures
  An adder (D:2)
  A dart slug (D:1)
  A giant cockroach (D:1)
  2 goblins
  9 hobgoblins
  4 kobolds (D:1)
  2 quokkas
  3 ball pythons
  6 bats
  2 frilled lizards (D:2)
  4 rats (D:1)
35 creatures vanquished.

Notes
Turn   | Place    | Note
-------+----------+-------------------------------------------
     0 | D:1      | Delamore the Octopode Brigand began the quest for the Orb.
     0 | D:1      | Reached XP level 1. HP: 14/14 MP: 1/1
   215 | D:1      | Reached XP level 2. HP: 19/19 MP: 2/2
   252 | D:1      | Found a faded altar of an unknown god.
   869 | D:1      | Reached skill level 6 in Stealth
   894 | D:1      | Reached XP level 3. HP: 20/25 MP: 3/3
  1096 | D:2      | HP: 1/25 [goblin/stone (2)]
  1543 | D:2      | HP: 1/25 [poisoned by an adder]
  1544 | D:2      | Succumbed to an adder's poison

Illustrated notes

Levels and vault maps discovered:
D:1:      amcnicky_arrival_underground_garden, layout_loops_corners,
          ebering_ecumenical_altar_rust
D:2:      layout_rooms, minmay_split_cup_large

Skill      XL: |  1  2 |
---------------+-------+-----
Stealth        | 6 |  6.4
Fighting       | |  2.6
Short Blades   | |  2.5
Throwing       | |  2.0
Dodging        | |  1.0

Action                   || total
-------------------------++-------
Melee: Dagger            ||    64
       Constrict         ||    12
       Tentacles         ||    11
Throw: Dart              ||     3
  Use: Scroll            ||     1
 Stab: Sleeping          ||    15
Armor: Skin              ||     6
Dodge: Dodged            ||    37

Table legend: (Time is in decaauts)
 A = Elapsed time spent in this place.
 B = Non-inter-level travel time spent in this place.
 C = Inter-level travel time spent in this place.
 D = Time resting spent in this place.
 E = Time spent auto-exploring this place.
 F = Levels seen in this place.
 G = Mean time per level.
                   A        B        C        D        E       F      G
               +--------+--------+--------+--------+--------+-----+--------+
         Total |   1536 |   1524 |     12 |    291 |   1025 |   2 |  768.0 |
       Dungeon |   1536 |   1524 |     12 |    291 |   1025 |   2 |  768.0 |
               +--------+--------+--------+--------+--------+-----+--------+

Top non-repeatable levels by time:
     D:1: 1368 daAuts
     D:2: 168 daAuts
